 Dungeon Crawl Stone Soup version 0.22-a0-605-g9281fa2407 (webtiles) character file.

86 MirrMurr the Skirmisher (level 4, -3/29 HPs)
             Began as a Kobold Berserker on July 8, 2018.
             Was a Believer of Trog.
             Slain by Natasha (6 damage)
             ... on level 2 of the Dungeon.
             The game lasted 00:03:20 (1721 turns).

MirrMurr the Skirmisher (Kobold Berserker)          Turns: 1721, Time: 00:03:20

Health: -3/29      AC: 10    Str: 15    XL:     4   Next: 77%
Magic:  4/4        EV: 10    Int:  8    God:    Trog [**....]
Gold:   92         SH:  0    Dex: 14    Spells: 3/3 levels left

rFire    . . .     SeeInvis .   a - +0 mace
rCold    . . .     Gourm    .   (shield restricted)
rNeg     . . .     Faith    .   m - +0 chain mail
rPois    .         Spirit   .   (no helmet)
rElec    .         Reflect  .   l - +0 cloak
rCorr    .         Harm     .   p - +0 pair of gloves
MR       .....                  (no boots)
Stlth    ..........             (no amulet)
HPRegen  0.09/turn              (no ring)
MPRegen  0.09/turn              (no ring)

@: berserk cooldown, slowed, very slow
A: small, carnivore
a: Berserk, Trog's Hand, Renounce Religion


You were on level 2 of the Dungeon.
You worshipped Trog.
Trog was pleased with you.
You were very full.

You visited 1 branch of the dungeon, and saw 2 of its levels.

You collected 92 gold pieces.

Inventory:

Hand Weapons
 a - a +0 mace (weapon)
 b - a +0 hunting sling
 w - a +0 dagger of draining
Missiles
 d - 53 stones (quivered)
 i - 13 bolts
 r - 7 tomahawks
Armour
 l - a +0 cloak (worn)
 m - a +0 chain mail (worn)
 p - a +0 pair of gloves (worn)
Jewellery
 h - a cursed +2 ring of dexterity {unknown}
 k - an uncursed amulet of guardian spirit {unknown}
Scrolls
 f - a scroll of amnesia {unknown}
 j - 2 scrolls of identify {unknown}
 o - a scroll of remove curse {unknown}
Potions
 e - a potion of flight {unknown}
 g - a potion of magic {unknown}
Comestibles
 c - 4 rations
 n - 3 chunks of flesh


   Skills:
 + Level 3.8 Fighting
 * Level 3.4 Maces & Flails
 + Level 2.0 Armour
 + Level 3.1 Dodging
 + Level 2.0 Stealth


You had 3 spell levels left.
You didn't know any spells.
Your spell library was empty.

Dungeon Overview and Level Annotations

Branches:
Dungeon (2/15)

Altars:

Annotations:
D:2 Natasha


Innate Abilities, Weirdness & Mutations

You are small and have problems with some larger weapons.
You are carnivorous and can eat meat at any time.


Message History

Natasha barely misses you.
You hit Natasha.
Natasha is heavily wounded.
Natasha casts a spell at you. The magic dart hits you!
* * * LOW HITPOINT WARNING * * *
You barely miss Natasha.
Natasha is heavily wounded.
Natasha claws you but does no damage. Natasha claws you.
* * * LOW HITPOINT WARNING * * *
You barely miss Natasha.
Natasha is heavily wounded.
Natasha barely misses you. Natasha claws you but does no damage.
Unknown command.
You're still recovering from your berserk rage.
You hit Natasha.
Natasha is severely wounded.
Natasha mumbles some strange words.
Natasha claws you.
You die...

.......####...[.### ##..##....(..
......... .....######....#.......
.......# ###....................
.......# ##.##.##...###.#.....
.......####..........# #......
.#.######............# #....#
.#.#####..#.......†..# #.####
#........##..........# ##....#
...[...####.....@h#########.....#
#......####.###.5#####...........
###.....................####.<...
..#...####.####..................
)...#....#.......###...######....
...#####...#####.....### #....
..## ###........#### #.... ..#
######...### #.### ...
######.....###### #.#


You could see Natasha and a crimson imp.

Vanquished Creatures
  Natasha (D:2)
  A gnoll (D:1)
  A dart slug (D:2)
  3 leopard geckos
  8 bats
  6 goblins
  7 hobgoblins
  4 jackals (D:1)
  3 frilled lizards
  4 kobolds (D:1)
  5 rats
43 creatures vanquished.

Notes
Turn   | Place    | Note
-------+----------+-------------------------------------------
     0 | D:1      | MirrMurr the Kobold Berserker began the quest for the Orb.
     0 | D:1      | Reached XP level 1. HP: 14/14 MP: 1/1
     6 | D:1      | Noticed a rime drake
     6 | D:1      | Noticed a wolf
     6 | D:1      | Noticed a polar bear
     7 | D:1      | Noticed a lindwurm
   214 | D:1      | Reached XP level 2. HP: 19/19 MP: 2/2
   339 | D:1      | Reached skill level 1 in Stealth
   614 | D:1      | Reached XP level 3. HP: 13/23 MP: 3/3
  1187 | D:1      | You fall through a shaft!
  1201 | D:2      | Reached ** piety under Trog
  1229 | D:2      | Reached XP level 4. HP: 21/29 MP: 4/4
  1691 | D:2      | Noticed Natasha
  1701 | D:2      | Killed Natasha
  1713 | D:2      | Noticed Natasha
  1721 | D:2      | Slain by Natasha

Vault maps used:
D:1:      onia_arrival_zoo_common
D:2:      uniq_natasha

Skill      XL: |  1  2  3  4 |
---------------+-------------+-----
Stealth        | 1 2 |  2.0
Maces & Flails | 3 |  3.4
Dodging        | 3 |  3.1
Armour         | 2 |  2.0
Fighting       | |  3.8

Action                   |  1- 3 |  4- 6 || total
-------------------------+-------+-------++-------
Melee: Mace              |    94 |    26 ||   120
 Fire: Hunting sling     |    40 |    16 ||    56
Invok: Berserk           |     2 |     1 ||     3
 Stab: Sleeping          |     1 |       ||     1
  Eat: Chunk             |    11 |     2 ||    13
Armor: Animal skin       |     9 |       ||     9
       Chain mail        |    28 |    13 ||    41
Dodge: Dodged            |    86 |    19 ||   105

Table legend:
 A = Spawn XP
 B = Non-spawn XP
 C = Spawn XP percentage of total XP
 D = Spawn monster count
 E = Non-spawn monster count
 F = Spawn count percentage of total count
 G = Total turns spent on level
                    A         B        C        D         E        F      G
               +---------+---------+-------+---------+---------+-------+---------
         Total |       0 |     123 |   0.0 |       0 |      43 |   0.0 |  1721
               +---------+---------+-------+---------+---------+-------+---------
           D:1 |       0 |      64 |   0.0 |       0 |      30 |   0.0 |  1420
           D:2 |       0 |      59 |   0.0 |       0 |      13 |   0.0 |   301
               +---------+---------+-------+---------+---------+-------+---------
